 Dungeon Crawl Stone Soup version 0.31-a0-986-g5e6e4ef867 (webtiles) character file.

Game seed: 12093052796137141796

215 lunkers the Insei (level 6, -10/47 HPs)
             Began as a Meteoran Shapeshifter on Nov 20, 2023.
             Mangled by Menkaure (20 damage)
             ... on level 4 of the Dungeon.
             The game lasted 00:03:03 (1312 turns).

lunkers the Insei (Meteoran Shapeshifter)           Turns: 1312, Time: 00:03:04

Health: -10/47     AC:  5    Str: 14    XL:     6   Next: 39%
Magic:  7/7        EV: 11    Int: 15    God:
Gold:   125        SH:  0    Dex: 16    Spells: 5/5 levels left

rFire   . .          .
                       - Unarmed
rCold   . . .        (no shield)
rNeg    . . .        e - +0 ring mail
rPois   .            (helmet currently unavailable)
rElec   .            (cloak currently unavailable)
rCorr   .            (gloves currently unavailable)
SInv    .            (boots currently unavailable)
Will    .....        (no amulet)
Stlth   +            (no ring)
HPRegen 0.27/turn    (no ring)
MPRegen 0.10/turn

%: no passive effects
@: beast-form, glowing
A: beast (slay +2), sense surroundings 1, otherworldly, glowing, explore regen,
clever 1, screaming 1
a: Begin Untransformation


You were on level 4 of the Dungeon.
You were a hulking beast.
You visited 1 branch of the dungeon, and saw 4 of its levels.

You collected 125 gold pieces.

Inventory:

Missiles
 f - 5 curare-tipped darts
Armour
 a - a +0 animal skin
 e - a +0 ring mail (worn)
Talismans
 c - a beast talisman
 d - a flux talisman
Wands
 r - a wand of flame (14)
Scrolls
 h - 2 scrolls of teleportation {unknown}
 j - 3 scrolls of identify {unknown}
 k - 2 scrolls of enchant weapon {unknown}
 l - 2 scrolls of vulnerability {unknown}
 n - a scroll of revelation {unknown}
 p - a scroll of immolation {unknown}
 q - 2 scrolls of poison {unknown}
 s - a scroll of amnesia {unknown}
Potions
 i - a potion of cancellation {unknown}
 m - a potion of heal wounds {unknown}
 o - a potion of invisibility {unknown}


   Skills:
 - Level 1.1 Fighting
 - Level 2.1 Dodging
 * Level 6.6 Unarmed Combat
 + Level 5.1 Shapeshifting


You had 5 spell levels left.
You didn't know any spells.
Your spell library contained the following spells:

 Spells                   Type           Power      Damage    Failure   Level
 Magic Dart               Conj           0%         1d3       50%         1
 Ensorcelled Hibernation  Hex/Ice        0%         N/A       63%         2
 Jinxbite                 Hex            0%         N/A       63%         2
 Lesser Beckoning         Tloc           0%         N/A       63%         2
 Searing Ray              Conj           0%         2d4       63%         2
 Gell's Gravitas          Tloc           0%         N/A       86%         3
 Teleport Other           Tloc           0%         N/A       86%         3
 Anguish                  Hex/Necr       0%         N/A       99%         4
 Fulminant Prism          Conj/Hex       0%         3d5       99%         4


Dungeon Overview and Level Annotations

Branches:
Dungeon (4/15) Zot: 1095
 Temple: D:4-7

Altars:

Shops:
D:1 :

Annotations:
D:4 Menkaure


Innate Abilities, Weirdness & Mutations

You are a hulking beast.
Your limbs bulge with bestial killing power. (Slay +2)
You passively map a small area around you.
You are easily found by Zot.
You glow in the dark.
You regain HP and MP as you explore.
Your mind is acute. (Int +4, Str/Dex -1)
You occasionally shout uncontrollably at your foes.


Message History

A gnoll comes into view. It is wielding a +0 flail.
Unknown command.
The goblin shouts!
The orc shouts!
You hit the orc but do no damage. The orc completely misses you.
You punch the orc!
You kill the orc!
Found a dented bone amulet.
Menkaure, Prince of Dust comes into view.
Found a scroll labelled TIUDYEW DOAMM.
You see here a +0 spear.
Menkaure gestures wildly while chanting.
Menkaure seems to speed up.
Menkaure hits you!
* * * LOW HITPOINT WARNING * * *
Menkaure misses you.
Unknown command.
It was a potion of mutation.
You feel extremely strange.
You feel clever.
You feel the urge to shout. Menkaure closely misses you.
You punch Menkaure!
Menkaure is moderately damaged.
Menkaure calls on the powers of darkness!
Your body is wracked with pain!
* * * LOW HITPOINT WARNING * * *
The orc convulses!
The gnoll convulses!
The goblin convulses!
Unknown command.
Okay, then.
Okay, then.
Okay, then.
It was a potion of magic.
Magic courses through your body. Menkaure completely misses you.
Unknown command.
You hit Menkaure.
Menkaure is heavily damaged.
Menkaure completely misses you.
Unknown command.
You punch Menkaure!
Menkaure is almost destroyed.
Menkaure hits you!!
You die...

######## ## ### * *
########.."......, ..#
............ .# ###.#
.......? ... ##...## *
#!##g###.#..##.....##
#...oMh..#..#.......#
#..#g###.#..#.......# ,
#).#.# .#..#....<..# *
#.o#.# #.#..##.....## *
##gg#.# #.#..###...##
.#####.....###....†..#.##
..g...))..........##.#.#
.#####.........##.##.#<#
#.#.####.....##.#.#


You could see Menkaure (fast), a gnoll, an orc and a goblin.

Vanquished Creatures
  A scorpion (D:4)
  Jessica (D:2)
  Terence (D:2)
  An iguana (D:4)
  3 adders
  A worm (D:3)
  2 dart slugs
  2 orcs (D:4)
  3 bats
  3 endoplasms
  A giant cockroach (D:2)
  5 goblins
  A hobgoblin (D:3)
  6 jackals
  2 quokkas
  3 ball pythons (D:1)
  3 frilled lizards
  2 kobolds
  3 rats
44 creatures vanquished.

Notes
Turn   | Place    | Note
-------+----------+-------------------------------------------
     0 | D:1      | lunkers the Meteoran Shapeshifter began the quest for the
                  | Orb.
     0 | D:1      | Reached XP level 1. HP: 16/16 MP: 2/2
   108 | D:1      | Reached XP level 2. HP: 23/23 MP: 3/3
   111 | D:1      | Reached skill level 4 in Unarmed Combat
   202 | D:1      | Reached XP level 3. HP: 23/28 MP: 4/4
   207 | D:1      | Found Uzxemm's Book Shop.
   432 | D:2      | Noticed Terence
   439 | D:2      | Killed Terence
   440 | D:2      | Reached skill level 5 in Unarmed Combat
   440 | D:2      | Reached XP level 4. HP: 35/35 MP: 5/5
   559 | D:2      | Noticed Jessica
   565 | D:2      | Killed Jessica
   566 | D:2      | Reached XP level 5. HP: 28/40 MP: 6/6
   687 | D:2      | Found a faded altar of an unknown god.
  1009 | D:3      | Identified the +0 mace "Neamiwat" {freeze, rF+ rCorr}
  1250 | D:4      | Reached skill level 6 in Unarmed Combat
  1276 | D:4      | Reached skill level 5 in Shapeshifting
  1276 | D:4      | Reached XP level 6. HP: 16/47 MP: 7/7
  1302 | D:4      | Noticed Menkaure
  1308 | D:4      | Gained mutation: Your mind is acute. (Int +4, Str/Dex -1)
                  | [potion of mutation]
  1308 | D:4      | Gained mutation: You occasionally shout uncontrollably at
                  | your foes. [potion of mutation]
  1312 | D:4      | Mangled by Menkaure

Illustrated notes

Levels and vault maps discovered:
D:1:      minmay_arrival_semitransparent, layout_loops_ring, serial_shops, shop
D:2:      layout_rooms, nicolae_ecumenical_oubliette, dk_noncrumbling_4,
          uniq_jessica, uniq_terence
D:3:      layout_loops_ring, hangedman_decor_opposing, serial_bayou_crossing
D:4:      layout_loops_ring, minmay_temple_entry_drinking_statues,
          mainiacjoe_ossuary_entry_dusty_tomb, uniq_menkaure, uniq_robin

Skill      XL: |  1  2  3  4  5 |
---------------+----------------+-----
Unarmed Combat | 4 5 6 |  6.6
Shapeshifting  | 4 5 |  5.1
Fighting       | |  1.1
Dodging        | |  2.1

Action                     |  1- 3 |  4- 6 || total
---------------------------+-------+-------++-------
  Melee: Unarmed           |    50 |    63 ||   113
         Punch             |     1 |     2 ||     3
    Use: Potion            |     1 |     2 ||     3
 Armour: Animal skin       |    15 |       ||    15
         Ring mail         |    16 |    33 ||    49
         Skin              |     2 |     4 ||     6
  Dodge: Dodged            |    32 |    17 ||    49

Table legend: (Time is in decaauts)
 A = Elapsed time spent in this place.
 B = Non-inter-level travel time spent in this place.
 C = Inter-level travel time spent in this place.
 D = Time resting spent in this place.
 E = Time spent auto-exploring this place.
 F = Levels seen in this place.
 G = Mean time per level.
                   A        B        C        D        E       F      G
               +--------+--------+--------+--------+--------+-----+--------+
         Total |   1304 |   1304 |      0 |      5 |    904 |   4 |  326.0 |
       Dungeon |   1304 |   1304 |      0 |      5 |    904 |   4 |  326.0 |
               +--------+--------+--------+--------+--------+-----+--------+

Top non-repeatable levels by time:
     D:3: 497 daAuts
     D:1: 373 daAuts
     D:2: 352 daAuts
     D:4: 80 daAuts
